 Dungeon Crawl Stone Soup version 0.18.1-48-g4cf74bf (webtiles) character file.

1871 Charly the Grappler (level 8, -4/69 HPs)
             Began as a Centaur Transmuter on Sept 7, 2016.
             Was a Follower of Cheibriados.
             Slain by an orc warrior
             ... wielding a +0 long sword
              (18 damage)
             ... on level 9 of the Dungeon.
             The game lasted 00:53:44 (2983 turns).

Charly the Grappler (Centaur Transmuter)            Turns: 2983, Time: 00:53:45

Health: -4/69      AC:  2    Str: 16    XL:     8   Next: 90%
Magic:  3/10       EV: 19    Int: 16    God:    Cheibriados [*.....]
Gold:   26         SH:  0    Dex: 19    Spells: 3 memorised, 4 levels left

rFire  . . .     SeeInvis .       - Unarmed
rCold  . . .     Gourm    .     (armour currently unavailable)
rNeg   . . .     Faith    +     (shield currently unavailable)
rPois  x         Spirit   .     (helmet currently unavailable)
rElec  .         Dismiss  .     (cloak currently unavailable)
rCorr  +         Reflect  .     (gloves currently unavailable)
SustAt .         Harm     .     (no barding)
MR     .....                    w - amulet of faith
Stlth  ++........               (no ring)
                                j - ring of resist corrosion

@: spider-form (expiring), very slow, not resistant to hostile enchantments,
unstealthy
A: (hooves 0), (deformed body), (speed 0), (tough skin 0)
a: End Transformation, Bend Time, Renounce Religion


You were on level 9 of the Dungeon.
You worshipped Cheibriados.
Cheibriados was aware of your devotion.
You were not hungry.
You were a venomous arachnid creature.
You visited 2 branches of the dungeon, and saw 10 of its levels.

You collected 262 gold pieces.
You spent 216 gold pieces at shops.

Inventory:

Hand Weapons
 o - the +11 mace "Luehufup" (melded) {vamp, -Tele rPois rF+ Int+8}
   (You found it on level 4 of the Dungeon)

   It inflicts no extra harm, but heals its wielder somewhat when it strikes a
   living foe.
   It affects your intelligence (+8).
   It protects you from fire.
   It protects you from poison.
   It prevents most forms of teleportation.
Missiles
 z - 88 arrows
Armour
 f - a +2 leather armour of magic resistance
 m - a +0 helmet (melded)
 q - the +8 plate armour of Death's Door {rF- rCorr Str+4}
   (You found it on level 8 of the Dungeon)

   It affects your strength (+4).
   It makes you vulnerable to fire.
   It protects you from acid and corrosion.
 C - a +0 pair of gloves (melded)
 E - the +1 leather armour of Fetuwn Dail (melded) {Str+6}
   (You found it on level 7 of the Dungeon)

   It affects your strength (+6).
Jewellery
 j - a ring of resist corrosion (left front leg)
 n - an uncursed amulet of harm
 w - an amulet of faith (around neck)
Wands
 b - a wand of iceblast (3/15)
 t - a wand of flame (18/48)
 u - a wand of digging (15/24)
Scrolls
 e - 2 scrolls of blinking {unknown}
 g - 2 scrolls of amnesia {unknown}
 i - a scroll of recharging {unknown}
 k - 3 scrolls of fear
 l - a scroll of immolation {unknown}
 s - 3 scrolls of remove curse
 x - 4 scrolls of teleportation {unknown}
 y - a scroll of fog {unknown}
 A - a scroll of random uselessness {unknown}
 B - a scroll of enchant armour {unknown}
Potions
 h - 5 potions of curing
 p - 4 potions of brilliance
 r - 3 potions of might
 v - a potion of mutation
 F - a potion of flight
 H - a potion of cancellation {unknown}
 I - a potion of magic {unknown}
 K - a potion of haste {unknown}
Books
 c - a book of Changes

   Spells                             Type                      Level
   a - Beastly Appendage              Transmutation                1
   b - Sticks to Snakes               Transmutation                2
   c - Spider Form                    Transmutation/Poison         3
   d - Ice Form                       Ice/Transmutation            4
   e - Blade Hands                    Transmutation                5
 G - a book of Cantrips

   Spells                             Type                      Level
   a - Corona                         Hexes                        1
   b - Animate Skeleton               Necromancy                   1
   c - Summon Small Mammal            Summoning                    1
   d - Apportation                    Translocation                1
 J - an Akashic Record

   Spells                             Type                      Level
   a - Dispersal                      Translocation                6
   b - Malign Gateway                 Summoning/Translocation      7
   c - Disjunction                    Translocation                8
   d - Controlled Blink               Translocation                8
Comestibles
 a - 2 meat rations
 d - 5 bread rations


   Skills:
 + Level 5.6 Fighting
 - Level 1.3 Dodging
 * Level 10.5 Unarmed Combat
 - Level 1.5 Spellcasting
 - Level 1.7 Transmutations


You had 4 spell levels left.
You knew the following spells:

 Your Spells              Type           Power        Failure   Level  Hunger
b - Beastly Appendage     Trmt           #.....       28%         1    ##.....
s - Sticks to Snakes      Trmt           #.......     36%         2    ###....
S - Spider Form           Trmt/Pois      #.........   73%         3    ####...


Dungeon Overview and Level Annotations

Branches:
Dungeon (9/15)             Temple (1/1) D:7
   Lair: D:8-11         Orc: D:9-12

Altars:
Ashenzari
Cheibriados
Dithmenos
Elyvilon
Gozag
Kikubaaqudgha
Makhleb
Nemelex Xobeh
Okawaru
Pakellas
Qazlal
Ru
Sif Muna
Trog
Vehumet
Xom
Yredelemnul
Zin
The Shining One

Shops:
D:5 [   D:7 %   D:9 !


Innate Abilities, Weirdness & Mutations

((You have hooves in place of feet.))
((Armour fits poorly on your strangely shaped body.))
((You cover ground very quickly.))
((You have extremely tough skin (AC +3).))


Message History

You hit the orc warrior.
The orc warrior is poisoned.
The orc warrior is lightly wounded.
You hit the orc warrior.
The orc warrior looks even sicker.
The orc warrior is lightly wounded.
The orc warrior hits you with a long sword!
Your magical contamination has completely faded away.
You bite the orc warrior!
The orc warrior is heavily wounded.
The orc warrior hits you with a long sword!!
* * * LOW HITPOINT WARNING * * *
You hit the orc warrior but do no damage.
The orc warrior is heavily wounded.
You closely miss the orc warrior.
The orc warrior is severely wounded.
The orc warrior hits you with a long sword!
* * * LOW HITPOINT WARNING * * *
You hit the orc warrior.
The orc warrior is severely wounded.
The orc warrior hits you with a long sword!!
You die...

#..#
8.'....'.8...#########
#.## ..##..##.....#
#.# ..####..)##.# #.#
#........##..# ###
########'# ..#
#........##..# .
...####...##.#
..8.##..##.8.#.#
....'..so')..#..
..8.##..##.8.# .
####...## #..o.o...##
########'# ..# ...
#... ....


You could see an orc warrior.

Vanquished Creatures
  A hungry ghost (D:7)
  A sky beast (D:8)
  An ogre (D:8)
  An orc warrior (D:9)
  2 wolves (D:8)
  3 centaurs
  2 big kobolds
  3 giant frogs
  A wyvern skeleton (D:7)
  A scorpion (D:6)
  3 wights (D:9)
  4 hounds
  2 orc priests
  A giant frog skeleton (D:7)
  A jelly (D:5)
  5 orc wizards
  A worker ant zombie (D:5)
  4 adders
  2 adder skeletons (D:4)
  2 worms
  2 dart slugs
  2 giant geckos (D:8)
  17 orcs
  2 ball pythons (D:5)
  5 hobgoblins
  10 jackals
  3 bats
  5 giant newts
  4 goblins
  7 kobolds
  4 rats
102 creatures vanquished.

Vanquished Creatures (collateral kills)
  2 worker ants
  An adder (D:2)
  An adder skeleton (D:4)
  A jackal (D:2)
  A quokka (D:4)
  A ball python (D:2)
  A giant newt (D:2)
  2 kobolds (D:2)
10 creatures vanquished.

Grand Total: 112 creatures vanquished

Notes
Turn   | Place    | Note
--------------------------------------------------------------
     0 | D:1      | Charly the Centaur Transmuter began the quest for the Orb.
     0 | D:1      | Reached XP level 1. HP: 16/16 MP: 3/3
    49 | D:2      | Reached XP level 2. HP: 20/23 MP: 4/4
    79 | D:1      | Learned a level 2 spell: Sticks to Snakes
   192 | D:2      | Found a sacrificial altar of Ru.
   254 | D:2      | Reached XP level 3. HP: 9/29 MP: 0/5
   546 | D:2      | Reached skill level 4 in Unarmed Combat
   797 | D:4      | Found a burning altar of Makhleb.
   894 | D:4      | Got an encrusted mace
   899 | D:4      | Found a white marble altar of Elyvilon.
   915 | D:4      | Reached XP level 4. HP: 24/37 MP: 6/6
   957 | D:5      | Entered Level 5 of the Dungeon
   988 | D:5      | Learned a level 3 spell: Spider Form
   988 | D:5      | Identified the +11 mace "Luehufup" {vamp, -Tele rPois rF+ Int+8} (You found it on level 4 of the Dungeon)
  1068 | D:6      | Noticed a centaur
  1121 | D:5      | Found a glowing golden altar of the Shining One.
  1138 | D:5      | Reached skill level 5 in Unarmed Combat
  1144 | D:5      | Reached XP level 5. HP: 21/42 MP: 3/7
  1272 | D:5      | Reached skill level 6 in Unarmed Combat
  1291 | D:5      | Found Himme's Antique Armour Boutique.
  1377 | D:4      | Reached XP level 6. HP: 43/50 MP: 8/8
  1466 | D:4      | Found a sparkling altar of Nemelex Xobeh.
  1518 | D:3      | Found an iron altar of Okawaru.
  1880 | D:7      | Got a translucent leather armour
  1891 | D:7      | Identified the +1 leather armour of Fetuwn Dail {Str+6} (You found it on level 7 of the Dungeon)
  1942 | D:7      | Reached skill level 7 in Unarmed Combat
  1942 | D:7      | Reached XP level 7. HP: 53/59 MP: 1/9
  1958 | D:7      | Found a shadowy altar of Dithmenos.
  1975 | D:7      | Found Nudued's Food Shoppe.
  2017 | D:7      | Found a staircase to the Ecumenical Temple.
  2023 | Temple   | Entered the Ecumenical Temple
  2222 | D:7      | Noticed a hungry ghost
  2236 | D:7      | Killed a hungry ghost
  2236 | D:7      | Reached skill level 8 in Unarmed Combat
  2245 | D:6      | 5,3,2
  2348 | D:7      | Found a snail-covered altar of Cheibriados.
  2358 | D:7      | Became a worshipper of Cheibriados the Contemplative
  2439 | D:8      | Found a shattered altar of Ashenzari.
  2460 | D:8      | Noticed Grum
  2495 | D:8      | Reached XP level 8. HP: 67/67 MP: 6/10
  2531 | D:8      | Reached skill level 9 in Unarmed Combat
  2580 | D:8      | Got a brightly glowing plate armour
  2591 | D:8      | Identified the +8 plate armour of Death's Door {rF- rCorr Str+4} (You found it on level 8 of the Dungeon)
  2657 | D:8      | Reached * piety under Cheibriados
  2730 | D:9      | Reached skill level 5 in Fighting
  2746 | D:9      | Found Ishusopp's Distillery.
  2762 | D:9      | Reached skill level 10 in Unarmed Combat
  2765 | D:9      | Bought a potion of ambrosia for 96 gold pieces
  2765 | D:9      | Bought a potion of might for 48 gold pieces
  2765 | D:9      | Bought a potion of curing for 36 gold pieces
  2765 | D:9      | Bought a potion of curing for 36 gold pieces
  2983 | D:9      | Slain by an orc warrior

Skill      XL: |  1  2  3  4  5  6  7  8 |
---------------+-------------------------+-----
Fighting       | 2 4 5 |  5.6
Unarmed Combat | 4 5 6 7 8 10 | 10.5
Dodging        | |  1.3
Spellcasting   | |  1.5
Transmutations | |  1.7

Action                   |  1- 3 |  4- 6 |  7- 9 || total
-------------------------+-------+-------+-------++-------
Melee: Unarmed           |    97 |    17 |    90 ||   204
       Kick              |    15 |    13 |     5 ||    33
       Headbutt          |     2 |       |       ||     2
       Mace              |       |    90 |    38 ||   128
       Punch             |       |     1 |     1 ||     2
 Cast: Sticks to Snakes  |    20 |     3 |     2 ||    25
       Beastly Appendage |     2 |       |       ||     2
       Spider Form       |       |     2 |    15 ||    17
Evoke: Wand              |     1 |     4 |     2 ||     7
       Deck              |       |     6 |     3 ||     9
  Use: Scroll            |       |     8 |     5 ||    13
       Potion            |       |     3 |     2 ||     5
  Eat: Bread ration      |     1 |     1 |       ||     2
       Pizza             |       |     1 |     1 ||     2
       Chunk             |       |       |     4 ||     4
       Beef jerky        |       |       |     2 ||     2
Armor: Robe              |    35 |    27 |       ||    62
       Leather armour    |       |       |    12 ||    12
       Skin              |       |       |     4 ||     4
Dodge: Dodged            |    37 |    63 |    76 ||   176
